Description

Fixed version of another with correct TC timing.

Build Order

Get SALT Encoding   

  12  0:00  Probe  
  13  0:12  Probe  
  14  0:17  Pylon  
  14  0:23  Probe  
  15  0:31  Probe  
  16  0:39  Probe  
  16  0:40  Gateway  
  16  0:45  Assimilator  
  17  0:51  Probe  
  17  0:54  Assimilator  
  18  0:59  Probe  
  19  1:07  Probe  
  19  1:08  Gateway  
  19  1:17  Probe  
  21  1:26  Cybernetics Core  
  21  1:29  Probe  
  22  1:34  Pylon  
  23  2:00  Warp Gate, Stalker x2  
  27  2:11  Pylon  
  27  2:22  Pylon  
  27  2:27  Stalker x2  
  31  2:49  Gateway  
  31  2:54  Stalker x2  
  35  3:25  Pylon  
  35  3:26  Nexus  
  35  3:45  Stalker x2  
  39  3:50  Stalker  
  42  4:20  Stalker  
  47  4:30  Twilight Council  
  47  5:08  Blink  
  53  5:41  Gateway  
  61  6:38  Adept x2  
  65  6:41  Nexus  
  65  6:44  Shield Battery  
  69  6:59  Charge  
  70  7:04  Gateway  
  70  7:15  Robotics Facility  
  78  7:36  Gateway  
  80  7:43  Gateway  
  89  8:22  Warp Prism  
  89  8:26  Zealot  
  99  8:34  Gateway x2  
  97  8:46  Zealot x4  
  99  8:50  Adept x2  
  103  8:59  Zealot  
  107  9:06  Gateway  
  107  9:28  Zealot x4  
Spawning Tool Build Advisor. Get it on Overwolf

Go to:

Details

  • Created by: tonychunga
  • Published on: Apr 13, 2026
  • Modified on: Apr 13, 2026
  • Patch: 5.0.11
  • Difficulty: Easy
Show
View Real Time Build Order
Export as new Build Order

Comments (0)

There are no comments. Be the first!

Create an account to comment!